AoeStats
← jugi

Arena

509459935Analyzed
1v1 RM · 4d ago on Sep 26, 2026· 23m 22s· 2 players
Game mode
Random Map
Map size
Tiny (2 player)
Population
200
Speed
Normal
Resources
Standard
Victory
Conquest
Starting age
Dark Age
Ending age
Imperial Age
RankedLock teamsTeams togetherTeam positionsShared explorationLock speedFull tech treeHidden civsTurbo modeCheats
Victory
Defeat
🇭🇺 Spanish · Hungary
1209
+16
🇨🇳 Burgundians · China
1218
-16
jugi
10:45 Feudal Age
14:21 Castle Age
12:28 Double-Bit Axe
14:08 Horse Collar
14:21 Gold Mining
14:59 Loom
21:51 Padded Archer Armor
23:22 Bloodlines
843041757
3:29 Double-Bit Axe
4:11 Loom
10:55 Feudal Age
9:17 Horse Collar
14:49 Castle Age
13:02 Bow Saw
16:31 Light Cavalry
19:08 Husbandry
19:54 Wheelbarrow
20:43 Fervor
21:13 Loom
22:10 Fletching
22:21 Padded Archer Armor
Connection lost

Rejoining the realm…

Still unreachable

The connection could not be restored.

Session expired

The server has moved on; the page needs a fresh start.